[Event "Team 45 45 League T93"]
[Site "Internet Chess Club"]
[Date "2022.08.18"]
[Round "6"]
[White "Toalla"]
[Black "smsxman"]
[Result "1-0"]
[WhiteElo "1246"]
[BlackElo "1384"]
[Opening "Réti opening"]
[ECO "A04"]
[Time "12:00:43"]
[PlyCount "67"]
[TimeControl "2700+45"]

1. Nf3 e6 2. g3 Nf6 3. a3 Be7 4. Bg2 c5 5. d3 Nc6 6. c3 d5 7. O-O Bd7 8. Re1 O-O
9. e4 dxe4 10. dxe4 a6 11. Bg5 h6 12. Bxf6 Bxf6 13. e5 Be7 14. Nbd2 Qe8 15. Nc4
Bd8 16. Nd6 Qe7 17. b4 b6 18. Rb1 cxb4 19. cxb4 Rb8 20. Qd3 Bc7 21. Red1 Rbd8
22. Qxa6 Ra8 23. Qd3 Bxd6 24. Qxd6 Rad8 25. Qxe7 Nxe7 26. Rd6 b5 27. Nd4 Nf5 28.
Nxf5 exf5 29. Rbd1 Ra8 30. Bxa8 Be6 31. Bd5 Rc8 32. Bxe6 fxe6 33. Rd8+ Rxd8 34.
Rxd8+ {Black resigns} 1-0

[Event "Team 45 45 League T93"]
[Site "Internet Chess Club"]
[Date "2022.08.21"]
[Round "6"]
[White "timothysmall56"]
[Black "Gojira"]
[Result "1-0"]
[WhiteElo "1640"]
[BlackElo "1564"]
[Opening "Sicilian: Hungarian variation"]
[ECO "B27"]
[Time "08:08:23"]
[PlyCount "71"]
[TimeControl "2700+45"]

1. e4 c5 2. Nf3 g6 3. d4 cxd4 4. Qxd4 Nf6 5. Nc3 Nc6 6. Qd1 Bg7 7. h3 d6 8. Bc4
Qa5 9. O-O O-O 10. Bd2 Qb4 11. b3 Qb6 12. Re1 Be6 13. Bd3 Rac8 14. Na4 Qc7 15.
c4 Nd7 16. Rc1 Nde5 17. Bb1 Bd7 18. Nc3 a6 19. Nd5 Qd8 20. Be3 Nxf3+ 21. Qxf3
Be6 22. Bb6 Qd7 23. Qe3 Nd8 24. Ba5 Rc6 25. Nf4 f5 26. Nxe6 Nxe6 27. exf5 Nc5
28. fxg6 hxg6 29. Qxe7 Qc8 30. Bxg6 d5 31. Qg5 Rcf6 32. Qxd5+ Ne6 33. Bh5 Kh8
34. Bg4 Rxf2 35. Qh5+ Kg8 36. Bxe6+ {Black resigns} 1-0

[Event "Team 45 45 League T93"]
[Site "Internet Chess Club"]
[Date "2022.08.21"]
[Round "6"]
[White "Rookmaster"]
[Black "manfredo"]
[Result "1/2-1/2"]
[WhiteElo "1502"]
[BlackElo "1482"]
[Opening "Two knights defense"]
[ECO "C56"]
[Time "13:01:24"]
[PlyCount "68"]
[TimeControl "2700+45"]

1. e4 e5 2. Nf3 Nc6 3. Bc4 Nf6 4. d4 exd4 5. O-O Nxe4 6. Re1 d5 7. Bxd5 Qxd5 8.
Nc3 Qh5 9. Nxe4 Be6 10. Bg5 Bd6 11. h4 O-O 12. Nxd6 cxd6 13. Nxd4 Qxd1 14. Raxd1
Nxd4 15. Rxd4 d5 16. c3 Rac8 17. f3 Rfe8 18. Be3 Rc4 19. Kf2 b5 20. Rxc4 bxc4
21. Bxa7 Ra8 22. Bc5 Rxa2 23. Ba3 h5 24. Ke3 f6 25. Kf4 Kf7 26. g4 g6 27. g5 d4
28. cxd4 c3 29. d5 Bxd5 30. Re7+ Kg8 31. Re8+ Kh7 32. Re7+ Kg8 33. Re8+ Kh7 34.
Re7+ Kg8 {Game drawn by repetition} 1/2-1/2

[Event "Team 45 45 League T93"]
[Site "Internet Chess Club"]
[Date "2022.08.18"]
[Round "6"]
[White "Denis240964"]
[Black "trogers41"]
[Result "0-1"]
[WhiteElo "1335"]
[BlackElo "1386"]
[Opening "Ponziani: Jaenisch counter-attack"]
[ECO "C44"]
[Time "10:15:24"]
[PlyCount "56"]
[TimeControl "2700+45"]

1. e4 e5 2. Nf3 Nc6 3. c3 Nf6 4. d4 exd4 5. e5 Nd5 6. cxd4 d6 7. Bc4 Be6 8. Ng5
Qd7 9. Nxe6 fxe6 10. Nc3 dxe5 11. dxe5 O-O-O 12. Bg5 Be7 13. Bxe7 Qxe7 14. Bxd5
exd5 15. O-O Qxe5 16. Qg4+ Kb8 17. Rfe1 Qf6 18. Re6 Qd4 19. Qxd4 Nxd4 20. Re7
Nc2 21. Rc1 d4 22. Nd5 d3 23. Nxc7 Nd4 24. Rxg7 Ne2+ 25. Kf1 Nxc1 26. Ke1 d2+
27. Kd1 Nxa2 28. Nb5 Rhe8 {White resigns} 0-1

[Event "Team 45 45 League T93"]
[Site "Internet Chess Club"]
[Date "2022.08.21"]
[Round "6"]
[White "blind-warrior"]
[Black "ChessG2011"]
[Result "0-1"]
[WhiteElo "1272"]
[BlackElo "1455"]
[Opening "King's Indian: London system"]
[ECO "A48"]
[Time "21:11:10"]
[PlyCount "116"]
[TimeControl "2700+45"]

1. d4 Nf6 2. Nf3 g6 3. Bf4 Bg7 4. e3 O-O 5. Be2 d5 6. Nc3 Bf5 7. h3 c6 8. O-O
Nbd7 9. Ne5 Nxe5 10. dxe5 Nd7 11. Bd3 Bxd3 12. cxd3 Nxe5 13. Bxe5 Bxe5 14. d4
Bg7 15. b4 Qd6 16. Qb3 b6 17. a4 Rab8 18. Rfd1 c5 19. bxc5 bxc5 20. Qxd5 Qxd5
21. Nxd5 e6 22. Nc3 cxd4 23. exd4 Rb4 24. Ne2 Rd8 25. Rdb1 Rxb1+ 26. Rxb1 Bxd4
27. Nxd4 Rxd4 28. Rb8+ Kg7 29. a5 Rd5 30. a6 Ra5 31. Rb7 Rxa6 32. g4 Ra3 33. Kg2
a5 34. f3 a4 35. Ra7 Ra1 36. Kf2 a3 37. g5 a2 38. Kg2 h6 39. gxh6+ Kxh6 40. f4
Kg7 41. Ra3 Kf6 42. Ra5 Kg7 43. h4 f6 44. Ra7+ Kh6 45. Ra5 e5 46. fxe5 fxe5 47.
Ra3 Kh5 48. Ra4 g5 49. hxg5 Kxg5 50. Ra5 Kf5 51. Ra4 e4 52. Ra5+ Kf4 53. Ra4 Ke5
54. Kh2 e3 55. Ra3 Ke4 56. Kg2 e2 57. Ra4+ Ke3 58. Ra3+ Kd2 {White resigns} 0-1

[Event "Team 45 45 League T93"]
[Site "Internet Chess Club"]
[Date "2022.08.20"]
[Round "6"]
[White "julesraider"]
[Black "mongmong"]
[Result "1-0"]
[WhiteElo "1638"]
[BlackElo "1499"]
[Opening "Nimzo-Indian: classical variation"]
[ECO "E32"]
[Time "16:01:14"]
[PlyCount "36"]
[TimeControl "2700+45"]

1. d4 e6 2. c4 Nf6 3. Nc3 Bb4 4. Qc2 O-O 5. a3 Bxc3+ 6. Qxc3 b6 7. Nf3 Bb7 8. e3
Ne4 9. Qc2 d6 10. Be2 f5 11. O-O Nd7 12. b4 c5 13. Bb2 Qe7 14. Rad1 Ng5 15. Nd2
Ne4 16. f3 Nxd2 17. Qxd2 Rad8 18. Qc3 e5 {Black resigns} 1-0

[Event "Team 45 45 League T93"]
[Site "Internet Chess Club"]
[Date "2022.08.18"]
[Round "6"]
[White "Kingofknights"]
[Black "xingon"]
[Result "1-0"]
[WhiteElo "1489"]
[BlackElo "1289"]
[Opening "Nimzo-Indian: 4.e3 O-O, 5.Bd3 d5"]
[ECO "E48"]
[Time "12:02:40"]
[PlyCount "33"]
[TimeControl "2700+45"]

1. d4 Nf6 2. c4 e6 3. Nc3 Bb4 4. e3 O-O 5. Bd3 d5 6. c5 b6 7. cxb6 axb6 8. Bd2
Ba6 9. Qe2 c5 10. Nf3 c4 11. Bc2 Nc6 12. a3 Ba5 13. O-O b5 14. Rfd1 Bc7 15. e4
dxe4 16. Nxe4 Nxe4 17. Qxe4 {Black resigns} 1-0

[Event "Team 45 45 League T93"]
[Site "Internet Chess Club"]
[Date "2022.08.18"]
[Round "6"]
[White "Balderdash"]
[Black "seattleblues"]
[Result "1-0"]
[WhiteElo "1215"]
[BlackElo "1253"]
[Opening "Pirc: classical (two knights) system"]
[ECO "B08"]
[Time "21:00:26"]
[PlyCount "277"]
[TimeControl "2700+45"]
1. d4 d6 2. e4 Nf6 3. Nc3 g6 4. Nf3 Bg7 5. Be3 O-O 6. Bd3 Bg4 7. Qd2 c6 8.
h3 Bd7 9. O-O-O b5 10. e5 dxe5 11. Nxe5 Bc8 12. Bh6 Qa5 13. Bxg7 Kxg7 14. a3
b4 15. Na2 Be6 16. Nxb4 Rd8 17. Nexc6 Nxc6 18. Nxc6 Qxd2+ 19. Rxd2 Re8 20.
Bb5 Bd7 21. d5 e6 22. Nd4 Bxb5 23. Nxb5 Nxd5 24. c4 Reb8 25. cxd5 Rxb5 26.
dxe6 Rc8+ 27. Kb1 fxe6 28. Re1 Kf6 29. g4 Re8 30. f4 h6 31. h4 a5 32. g5+
hxg5 33. fxg5+ Kg7 34. Rd7+ Kh8 35. Rd6 Reb8 36. Re2 e5 37. Rxg6 Kh7 38.
Rh6+ Kg7 39. Rc2 R8b7 40. h5 e4 41. Rg6+ Kh7 42. Re6 Rxg5 43. Rxe4 Rxh5 44.
Rec4 Rh1+ 45. Ka2 Rg7 46. Rc7 Rg1 47. Rxg7+ Rxg7 48. Rh2+ Kg8 49. Rh5 Ra7
50. a4 Kg7 51. Rb5 Kf6 52. Rb6+ Ke5 53. Ka3 Kd5 54. Rb5+ Kc6 55. Rh5 Kb6 56.
Rb5+ Kc6 57. b4 axb4+ 58. Rxb4 Rb7 59. Rc4+ Kb6 60. Rh4 Ka5 61. Rh5+ Kb6 62.
a5+ Ka6 63. Ka4 Rb1 64. Rh6+ Ka7 65. Rd6 Ra1+ 66. Kb5 Rb1+ 67. Kc4 Rc1+ 68.
Kb3 Rb1+ 69. Kc4 Rc1+ 70. Kb5 Rb1+ 71. Kc4 Rc1+ 72. Kb3 Rb1+ 73. Kc2 Rb5 74.
a6 Rb6 75. Rd7+ Kxa6 76. Kc3 Rc6+ 77. Kb4 Rb6+ 78. Ka4 Rb1 79. Rd6+ Rb6 80.
Rd8 Ka7 81. Ka5 Ra6+ 82. Kb5 Rb6+ 83. Kc5 Rb7 84. Rc8 Rb6 85. Rc7+ Rb7 86.
Rc8 Rb8 87. Rc6 Rb7 88. Rh6 Rc7+ 89. Kd6 Rb7 90. Kc5 Rc7+ 91. Kb5 Rb7+ 92.
Ka5 Kb8 93. Rh8+ Ka7 94. Rg8 Rb8 95. Rg2 Rb7 96. Rc2 Rb8 97. Rc3 Rb7 98. Rc4
Rb8 99. Rc5 Rb7 100. Ka4 Ka8 101. Ka5 Ra7+ 102. Kb6 Rb7+ 103. Ka5 Ra7+ 104.
Kb4 Rb7+ 105. Kc4 Ka7 106. Rc6 Rb6 107. Rc5 Rb7 108. Kd5 Rd7+ 109. Kc6 Rb7
110. Ra5+ Kb8 111. Ra6 Rc7+ 112. Kd6 Ra7 113. Rb6+ Rb7 114. Rc6 Ka7 115. Rc1
Rb6+ 116. Kc7 Rb7+ 117. Kc6 Rb6+ 118. Kc5 Rb7 119. Ra1+ Kb8 120. Kd6 Rb6+
121. Kc5 Rb7 122. Ra6 Rc7+ 123. Kd6 Ra7 124. Rb6+ Rb7 125. Rc6 Ka7 126. Rc8
Rb6+ 127. Kc5 Rb7 128. Rc6 Kb8 129. Kd6 Ka7 130. Kc5 Kb8 131. Rh6 Rc7+ 132.
Kd6 Kb7 133. Kd5 Rd7+ 134. Kc5 Rc7+ 135. Kb5 Kc8 136. Kb6 Rb7+ 137. Ka6 Kb8
138. Rh8+ Kc7 139. Rh7+ {Black resigns} 1-0

[Event "Team 45 45 League T93"]
[Site "Internet Chess Club"]
[Date "2022.08.19"]
[Round "6"]
[White "rgadoury"]
[Black "oldbookseller"]
[Result "1-0"]
[WhiteElo "1138"]
[BlackElo "1028"]
[Opening "Philidor's defense"]
[ECO "C41"]
[Time "12:30:45"]
[PlyCount "68"]
[TimeControl "2700+45"]

1. e4 e5 2. Nf3 d6 3. Bc4 Qe7 4. O-O g6 5. Re1 Bg7 6. Nc3 Nf6 7. d3 O-O 8. h3 b6
9. Nd5 Qd7 10. Nxf6+ Bxf6 11. Bd5 c6 12. Bb3 d5 13. exd5 cxd5 14. c3 Bd8 15.
Rxe5 Bb7 16. d4 Bc7 17. Re1 Qd6 18. Bh6 Rd8 19. Qd3 Nc6 20. g3 Nb4 21. cxb4 f5
22. Bf4 Qd7 23. Bxc7 Qxc7 24. Re2 Qd7 25. Ne5 Qg7 26. b5 Rf8 27. f4 Qh6 28. Kg2
g5 29. Qf3 g4 30. hxg4 Bc8 31. Bxd5+ Kh8 32. Bxa8 fxg4 33. Nxg4 Bxg4 34. Qxg4
Rxa8 {Black resigns} 1-0

[Event "Team 45 45 League T93"]
[Site "Internet Chess Club"]
[Date "2022.08.19"]
[Round "6"]
[White "AlWynJones"]
[Black "WillC"]
[Result "1-0"]
[WhiteElo "1472"]
[BlackElo "1545"]
[Opening "English: Anglo-Dutch defense"]
[ECO "A10"]
[Time "15:04:08"]
[PlyCount "53"]
[TimeControl "2700+45"]

1. c4 f5 2. Nc3 Nf6 3. d3 g6 4. e4 fxe4 5. dxe4 e5 6. Nf3 d6 7. Be2 Bg7 8. Bg5
c6 9. h3 O-O 10. Qd2 Qc7 11. O-O-O Rd8 12. Nxe5 Be6 13. Ng4 Qf7 14. e5 Nxg4 15.
Bxd8 Bh6 16. Bg5 Bxg5 17. Qxg5 Nxe5 18. Rxd6 Nxc4 19. Rd8+ Kg7 20. Bxc4 Bxc4 21.
Rxb8 Rxb8 22. Qe5+ Kh6 23. Qxb8 Qxf2 24. g3 Qe3+ 25. Kb1 Bd3+ 26. Ka1 Ba6 27.
Qf4+ {Black resigns} 1-0

[Event "Team 45 45 League T93"]
[Site "Internet Chess Club"]
[Date "2022.08.19"]
[Round "6"]
[White "sdcohle"]
[Black "jcule"]
[Result "1/2-1/2"]
[WhiteElo "1365"]
[BlackElo "1349"]
[Opening "Ruy Lopez: old Steinitz defense"]
[ECO "C62"]
[Time "17:31:49"]
[PlyCount "106"]
[TimeControl "2700+45"]

1. e4 e5 2. Nf3 Nc6 3. Bb5 d6 4. c3 Nf6 5. Qe2 Bd7 6. d3 a6 7. Ba4 Na5 8. Bc2
Be7 9. O-O O-O 10. b3 b5 11. d4 Bg4 12. h3 Bxf3 13. Qxf3 Re8 14. Rd1 Qb8 15.
dxe5 dxe5 16. Qg3 Bd6 17. Bg5 Nd7 18. Bh6 g6 19. Nd2 Nc6 20. b4 Bf8 21. Bxf8
Nxf8 22. Bb3 Ne6 23. Nf3 Nf8 24. Bd5 Qb6 25. Ng5 Ne6 26. Qg4 Nxg5 27. Qxg5 Kg7
28. Rd3 Rac8 29. Rf3 Nd8 30. Rd1 c6 31. Qf6+ Kh6 32. Bxf7 Nxf7 33. Qxf7 Rf8 34.
Qxf8+ Rxf8 35. Rxf8 c5 36. Rf7 cxb4 37. cxb4 Qb8 38. Rdd7 Qg8 39. g4 g5 40. Kg2
Kg6 41. Kg3 Qxf7 42. Rxf7 Kxf7 43. h4 h6 44. h5 Kf6 45. Kf3 Ke6 46. Ke3 Kd7 47.
Kd3 Ke7 48. Kc3 Kd7 49. Kb3 Kc6 50. a3 Kd6 51. a4 Kc7 52. Ka3 Kd6 53. axb5 axb5
{Game drawn by mutual agreement} 1/2-1/2

[Event "Team 45 45 League T93"]
[Site "Internet Chess Club"]
[Date "2022.08.20"]
[Round "6"]
[White "Fulmar"]
[Black "Tjet"]
[Result "1-0"]
[WhiteElo "1232"]
[BlackElo "1233"]
[Opening "King's pawn opening"]
[ECO "B07"]
[Time "11:06:03"]
[PlyCount "119"]
[TimeControl "2700+45"]

1. e4 d6 2. Nc3 Nf6 3. g3 c6 4. Bg2 g6 5. Nge2 Bg7 6. O-O O-O 7. f4 Qb6+ 8. Kh1
Bg4 9. h3 Bd7 10. d3 Na6 11. Rb1 c5 12. Be3 Bc6 13. d4 cxd4 14. Nxd4 Qc7 15.
Nxc6 bxc6 16. g4 Nd7 17. Qd2 Rab8 18. Bd4 Bxd4 19. Qxd4 c5 20. Qd2 Nb4 21. Nd5
Nxd5 22. Qxd5 Nf6 23. Qg5 Kg7 24. Qh4 h6 25. g5 Ng8 26. f5 hxg5 27. Qxg5 Nf6 28.
h4 Nh7 29. Qg3 Kh8 30. Qc3+ Kg8 31. b4 f6 32. Qc4+ Kg7 33. fxg6 Kxg6 34. Rg1 e5
35. Bh3+ Ng5 36. Bf5+ Kg7 37. Rg4 Rh8 38. Kg2 Qf7 39. Qxf7+ Kxf7 40. hxg5 cxb4
41. g6+ Kg7 42. Rh1 Rxh1 43. Kxh1 Rh8+ 44. Kg2 a5 45. Rg3 Rd8 46. Rh3 Rh8 47.
Rxh8 Kxh8 48. Kg3 Kg7 49. Kg4 Kh6 50. Kh4 Kg7 51. Kh5 a4 52. Kg4 Kh6 53. Kh4 Kg7
54. Kh5 a3 55. Kg4 Kh6 56. Kh4 Kg7 57. Kh5 Kh8 58. Kh6 Kg8 59. Be6+ Kh8 60. g7#
{Black checkmated} 1-0

[Event "Team 45 45 League T93"]
[Site "Internet Chess Club"]
[Date "2022.07.18"]
[Round "6"]
[White "woofgang"]
[Black "pandaknight"]
[Result "0-1"]
[WhiteElo "1189"]
[BlackElo "1038"]
[Opening "Queen's pawn game"]
[ECO "D04"]
[Time "16:00:28"]
[PlyCount "96"]
[TimeControl "2700+45"]

1. d4 d5 2. Nf3 Nf6 3. e3 Bf5 4. Bd3 Bxd3 5. Qxd3 a6 6. b3 e6 7. O-O Bd6 8. Bb2
h6 9. Nbd2 O-O 10. Rac1 Qe7 11. Ne5 Nbd7 12. f4 Ba3 13. Bxa3 Qxa3 14. Ra1 c5 15.
Ndf3 Rac8 16. c3 Qa5 17. Nxd7 Nxd7 18. g4 cxd4 19. cxd4 Rc3 20. Qd2 Rfc8 21.
Rac1 Qc7 22. Rxc3 Qxc3 23. Qxc3 Rxc3 24. Re1 Nf6 25. g5 Ng4 26. gxh6 gxh6 27.
Re2 Nxe3 28. Nd2 Nf5 29. Rg2+ Kf8 30. Nf1 Nxd4 31. Ng3 Rc1+ 32. Nf1 Ne2+ 33.
Rxe2 Ke7 34. Kg2 Kd6 35. Ne3 b5 36. Rc2 Rxc2+ 37. Nxc2 f6 38. Kf3 e5 39. f5 d4
40. Ke4 a5 41. h4 h5 42. a3 Kc5 43. b4+ axb4 44. axb4+ Kc4 45. Ne1 Kxb4 46. Kd5
Kc3 47. Ke6 b4 48. Kxf6 b3 {White resigns} 0-1  Game was played with colors
reversed for more than 3 moves (Actually a resumed game from round 1 without
either player catching it before the 3rd move.)  Result is Pandaknight win,
woofgang loss.